 Dungeon Crawl Stone Soup version 0.30-a0-4-ga7cffc901d (webtiles) character file.

Game seed: 1733902896338045687

888 Setbun the Slicer (level 8, -5/66 HPs)
             Began as a Kobold Brigand on Aug 21, 2022.
             Slain by a gargoyle
             ... wielding a +0 mace
              (19 damage)
             ... on level 5 of the Dungeon.
             The game lasted 00:06:11 (6268 turns).

Setbun the Slicer (Kobold Brigand)                  Turns: 6268, Time: 00:06:11

Health: -5/66      AC:  4    Str:  8    XL:     8   Next: 26%
Magic:  8/8        EV: 14    Int: 13    God:
Gold:   263        SH:  0    Dex: 18    Spells: 7/7 levels left

rFire   . . .      SeeInvis .    q - +2 dagger (elec)
rCold   . . .      Faith    .    (no shield)
rNeg    . . .      Spirit   .    b - +0 robe
rPois   .          Reflect  .    (no helmet)
rElec   .          Harm     .    c - +0 cloak
rCorr   .          Rampage  .    (no gloves)
Will    .....                    m - +0 pair of boots
Stlth   ..........               (no amulet)
HPRegen 0.21/turn                (no ring)
MPRegen 0.11/turn                (no ring)

@: berserking (expiring), very quick
A: small, no large weapons, nightstalker 3
a: no special abilities


You were on level 5 of the Dungeon.
You visited 1 branch of the dungeon, and saw 5 of its levels.
You also visited: Ossuary.

You collected 263 gold pieces.

Inventory:

Hand Weapons
 a - a +2 dagger
 q - a +2 dagger of electrocution (weapon)
 w - a +0 vorpal falchion
Missiles
 d - 16 poisoned darts (quivered)
 e - 3 curare-tipped darts
Armour
 b - a +0 robe (worn)
 c - a +0 cloak (worn)
 m - a +0 pair of boots (worn)
Jewellery
 n - a ring of positive energy
 y - an amulet of the acrobat
Scrolls
 f - a scroll of blinking {unknown}
 g - 9 scrolls of identify {unknown}
 h - a scroll of teleportation
 o - 2 scrolls of magic mapping
 r - a scroll of summoning {unknown}
 t - a scroll of fear
 u - a scroll of enchant weapon {unknown}
 x - a scroll of enchant armour {unknown}
Potions
 i - a potion of might
 k - 3 potions of lignification
 l - 3 potions of resistance
 p - 2 potions of curing
 s - a potion of berserk rage


   Skills:
 - Level 2.2 Fighting
 * Level 11.8 Short Blades
 - Level 2.2 Throwing
 - Level 1.2 Dodging
 - Level 5.3 Stealth


You had 7 spell levels left.
You didn't know any spells.
Your spell library contained the following spells:

 Spells                   Type           Power      Damage    Failure   Level
 Apportation              Tloc           0%         N/A       30%         1
 Necrotise                Necr           0%         1d4       30%         1
 Sandblast                Erth           0%         2d4       30%         1
 Summon Small Mammal      Summ           0%         N/A       30%         1
 Passwall                 Tmut/Erth      0%         N/A       43%         2
 Inner Flame              Hex/Fire       0%         N/A       67%         3
 Stone Arrow              Conj/Erth      0%         3d7       67%         3
 Cause Fear               Hex            0%         N/A       97%         4
 Fireball                 Conj/Fire      0%         3d3       100%        5
 Starburst                Conj/Fire      0%         6d3       100%        6
 Discord                  Hex            0%         N/A       100%        8
 Ignition                 Fire           0%         3d3       100%        8


Dungeon Overview and Level Annotations

Branches:
Dungeon (5/15)            Ossuary (visited)
 Temple: D:4-7

Altars:
Vehumet


Innate Abilities, Weirdness & Mutations

You are small and have problems with some larger weapons.
You are completely attuned to the shadows.


Message History

A red film seems to cover your vision as you go berserk!
You feel yourself moving faster!
You feel mighty! The gargoyle hits you with a +0 mace!!
You hit the gargoyle.
The gargoyle is lightly damaged.
You hit the gargoyle.
The gargoyle is moderately damaged.
You hit the gargoyle but do no damage.
The gargoyle is moderately damaged.
The gargoyle closely misses you.
You hit the gargoyle but do no damage.
The gargoyle is moderately damaged.
You hit the gargoyle.
The gargoyle is moderately damaged.
You hit the gargoyle but do no damage.
The gargoyle is moderately damaged.
The gargoyle hits you with a +0 mace!!
You hit the gargoyle.
The gargoyle is heavily damaged.
You hit the gargoyle.
The gargoyle is heavily damaged.
You barely miss the gargoyle.
The gargoyle is heavily damaged.
The gargoyle hits you with a +0 mace!
* * * LOW HITPOINT WARNING * * *
You hit the gargoyle.
The gargoyle is heavily damaged.
You hit the gargoyle.
The gargoyle is severely damaged.
You hit the gargoyle but do no damage.
The gargoyle is severely damaged.
The gargoyle barely misses you.
You barely miss the gargoyle.
The gargoyle is severely damaged.
You hit the gargoyle but do no damage.
The gargoyle is severely damaged.
You hit the gargoyle.
The gargoyle is severely damaged.
The gargoyle hits you with a +0 mace!!
You die...

#.# ... #.# #.#
#.# #.# ..# #9#
....## ######@#
......## #......#
........###....###
........'.......#
........###....###
.......## #.#....#
#.....##
##.##...###
##...##
##.........# ##'##
#..........#


You could see a gargoyle.

Vanquished Creatures
  A wraith (Ossuary)
  2 ogres
  A necrophage (D:2)
  A gnoll sergeant (D:4)
  A hound (D:4)
  A jelly (D:5)
  A gnoll bouda (D:4)
  5 iguanas
  A mummy (Ossuary)
  5 gnolls
  4 adders
  A white imp (D:5)
  2 worms
  4 dart slugs (D:1)
  7 orcs
  8 ball pythons
  4 endoplasms
  3 giant cockroaches
  13 goblins
  4 hobgoblins
  3 jackals (D:3)
  7 kobolds
  4 quokkas
  3 bats
  A frilled lizard (D:1)
  6 gnoll skeletons (Ossuary)
  5 kobold skeletons (Ossuary)
  14 orc skeletons (Ossuary)
  5 rats
117 creatures vanquished.

Notes
Turn   | Place    | Note
-------+----------+-------------------------------------------
     0 | D:1      | Setbun the Kobold Brigand began the quest for the Orb.
     0 | D:1      | Reached XP level 1. HP: 12/12 MP: 1/1
    85 | D:1      | Reached skill level 3 in Short Blades
   204 | D:1      | Reached XP level 2. HP: 17/17 MP: 2/2
   530 | D:1      | Reached skill level 4 in Short Blades
   668 | D:1      | Found a faded altar of an unknown god.
   698 | D:1      | Reached XP level 3. HP: 16/21 MP: 3/3
  1111 | D:1      | Reached skill level 5 in Short Blades
  1586 | D:2      | Noticed a necrophage
  1601 | D:2      | Killed a necrophage
  1602 | D:2      | Reached skill level 6 in Short Blades
  1602 | D:2      | Reached XP level 4. HP: 14/26 MP: 4/4
  1602 | D:2      | Reached XP level 5. HP: 16/30 MP: 5/5
  2836 | D:3      | Reached skill level 7 in Short Blades
  3199 | D:4      | Found a radiant altar of Vehumet.
  3199 | D:4      | Noticed an ogre
  3203 | D:4      | Killed an ogre
  3204 | D:4      | Reached skill level 8 in Short Blades
  3204 | D:4      | Reached XP level 6. HP: 35/35 MP: 6/6
  3315 | D:4      | Found a sand-covered staircase.
  3320 | Ossuary  | Entered an ossuary
  3438 | Ossuary  | Noticed a wraith
  3473 | Ossuary  | Killed a wraith
  3474 | Ossuary  | Reached skill level 9 in Short Blades
  3474 | Ossuary  | Reached XP level 7. HP: 40/40 MP: 7/7
  3708 | Ossuary  | Noticed a wraith
  3985 | D:4      | Reached skill level 10 in Short Blades
  5448 | D:5      | Entered Level 5 of the Dungeon
  5511 | D:5      | Reached skill level 11 in Short Blades
  5511 | D:5      | Reached XP level 8. HP: 38/44 MP: 8/8
  6244 | D:5      | Noticed a gargoyle
  6268 | D:5      | Slain by a gargoyle

Illustrated notes

Levels and vault maps discovered:
D:1:      minmay_arrival_semitransparent, layout_loops_corners,
          ebering_ecumenical_altar_sacrificial, minivault_25
D:2:      layout_loops_ring, minmay_strange_pillars
D:3:      layout_rooms
D:4:      layout_loops_corners, enter_ossuary_2, minmay_ruined_shrine
D:5:      layout_loops_corners, reono_crystal_passage, fountainhead

Skill      XL: |  1  2  3  4  5  6  7 |
---------------+----------------------+-----
Short Blades   | 3 4 6 8 9 11 | 11.8
Fighting       | |  2.2
Throwing       | |  2.2
Dodging        | |  1.2
Stealth        | |  5.3

Action                   |  1- 3 |  4- 6 |  7- 9 || total
-------------------------+-------+-------+-------++-------
Melee: Dagger            |    74 |   149 |   166 ||   389
       Punch             |     4 |     2 |       ||     6
  Use: Scroll            |       |     4 |       ||     4
       Potion            |       |     5 |     4 ||     9
 Stab: Sleeping          |    10 |    10 |    12 ||    32
       Distracted        |       |     1 |     1 ||     2
Armor: Robe              |     6 |    19 |    12 ||    37
       Skin              |       |     4 |       ||     4
Dodge: Dodged            |    32 |    86 |    65 ||   183

Table legend: (Time is in decaauts)
 A = Elapsed time spent in this place.
 B = Non-inter-level travel time spent in this place.
 C = Inter-level travel time spent in this place.
 D = Time resting spent in this place.
 E = Time spent auto-exploring this place.
 F = Levels seen in this place.
 G = Mean time per level.
                   A        B        C        D        E       F      G
               +--------+--------+--------+--------+--------+-----+--------+
         Total |   6116 |   5913 |    203 |   1079 |   4078 |   6 | 1019.3 |
       Dungeon |   5751 |   5548 |    203 |    994 |   3884 |   5 | 1150.2 |
       Ossuary |    365 |    365 |      0 |     85 |    194 |   1 |  365.0 |
               +--------+--------+--------+--------+--------+-----+--------+

Top non-repeatable levels by time:
     D:4: 1584 daAuts
     D:1: 1550 daAuts
     D:3: 970 daAuts
     D:2: 859 daAuts
     D:5: 785 daAuts
 Ossuary: 365 daAuts
